Unix NetHack Version 3.7.0-70 Work-in-progress - last build Jan 20 2023 02:37:49 (416de4da9be3a1557180d233d1398bca634ded6a,branch:master). Game began 2023-01-23 10:49:43, ended 2023-01-23 21:00:58. spontiff, neutral male gnomish Healer ---------------- |........@W.....# |........f.....| +...|...........# |..............| ----|----.------ # ## Spontiff the Rhizotomist St:10 Dx:10 Co:16 In:12 Wi:15 Ch:17 Neutral S:3709 Dlvl:13 $:4935 HP:0(44) Pw:10(10) AC:2 Xp:1/0 T:8719 Latest messages: The wraith wakes up! The wraith wakes up! You stop. Your large cat is in the way! You swap places with your large cat. You hear some noises. What do you want to use or apply? [os-uwzKLSZ or ?*] o You produce a strange whistling sound. Your large cat appears. What do you want to use or apply? [os-uwzKLSZ or ?*] o You produce a strange whistling sound. Your large cat shifts location. You hear some noises in the distance. What do you want to use or apply? [os-uwzKLSZ or ?*] o You produce a strange whistling sound. Your large cat appears. You descend the stairs. You again sense Hippocrates pleading for help. The large cat misses it. What do you want to use or apply? [os-uwzKLSZ or ?*] s In what direction? u Status of the giant spider (neutral): Level 6 HP 21(21) AC 4. What do you want to zap? [KLSZ or ?*] S In what direction? u The sleep ray hits the giant spider. The large cat bites the giant spider. What do you want to use or apply? [os-uwzKLSZ or ?*] s In what direction? u Status of the giant spider (neutral): Level 6 HP 17(21) AC 4, can't move. The large cat bites the giant spider. The large cat bites the giant spider. The large cat bites the giant spider. The large cat bites the giant spider. The giant spider is killed! You see here a giant spider corpse. There is a giant spider corpse here; eat it? [ynq] (n) y Ecch - that must have been poisonous! You seem unaffected by the poison. You finish eating the giant spider corpse. You swap places with your large cat. What do you want to use or apply? [os-uwzKLSZ or ?*] o You produce a strange whistling sound. Your large cat shifts location. You climb up the stairs. You descend the stairs. You again sense Hippocrates pleading for help. The large cat bites the wraith. The wraith touches you! Goodbye level 1. Do you want your possessions identified? [ynq] (y) y Do you want to see the dungeon overview? [ynq] (y) y Inventory: Coins $ - 4935 gold pieces Weapons k - an uncursed +0 scalpel (alternate weapon; not wielded) Armor h - an uncursed +0 dwarvish iron helm (being worn) g - an uncursed +1 pair of leather gloves (being worn) v - an uncursed +0 pair of iron shoes (being worn) q - an uncursed +0 dwarvish cloak (being worn) Q - an uncursed +0 mummy wrapping d - an uncursed +0 leather armor (being worn) Comestibles y - an uncursed apple n - 3 uncursed food rations p - an uncursed tripe ration Scrolls j - an uncursed scroll of blank paper e - 2 cursed scrolls of blank paper I - 2 uncursed scrolls of identify V - a blessed scroll of teleportation J - an uncursed scroll of teleportation T - a cursed scroll of teleportation Potions F - an uncursed potion of blindness H - a blessed potion of confusion i - an uncursed potion of fruit juice l - an uncursed potion of gain ability M - a blessed potion of gain energy G - an uncursed potion of object detection D - a cursed potion of paralysis P - an uncursed potion of sickness r - a potion of unholy water Rings A - a cursed ring of aggravate monster R - an uncursed ring of slow digestion (on right hand) Wands K - an uncursed wand of digging (0:4) Z - an uncursed wand of polymorph (0:8) L - an uncursed wand of sleep (0:4) S - an uncursed wand of sleep (0:3) Tools z - an uncursed leash o - an uncursed magic whistle u - an uncursed magic whistle w - an uncursed mirror s - an uncursed stethoscope t - an uncursed towel Gems/Stones B - an uncursed chrysoberyl stone X - an uncursed emerald E - an uncursed jacinth stone f - an uncursed obsidian stone N - an uncursed worthless piece of blue glass O - 3 uncursed worthless pieces of red glass W - 2 uncursed worthless pieces of violet glass Y - 3 uncursed worthless pieces of white glass U - 2 uncursed worthless pieces of yellow glass Spontiff the Healer's attributes: Background: You were a Rhizotomist, a level 1 male gnomish Healer. You were neutral, on a mission for Hermes who was opposed by Athena (lawful) and Poseidon (chaotic). You were in the Dungeons of Doom, on level 13. You entered the dungeon 8719 turns ago. There was a new moon in effect when your adventure ended. You had 0 experience points, 20 were needed to attain level 2. Your score was 3709 before end-of-game adjustments. Basics: You had 0 out of 44 hit points. You had all 10 energy points (spell power). Your armor class was 2. Your wallet contained 4935 zorkmids. Autopickup was on for '$!/="?' plus thrown, with exceptions. Final Characteristics: Your strength was 10 (limit:18/50). Your dexterity was 10 (limit:18). Your constitution was 16 (limit:18). Your intelligence was 12 (limit:19). Your wisdom was 15 (limit:18). Your charisma was 17 (limit:18). Final Status: You were not hungry. You were unencumbered. You were empty handed. You were unskilled in bare handed combat. Final Attributes: You were piously aligned. You were poison resistant. You had infravision. You had slower digestion. You were warded. You are dead. Miscellaneous: You encountered 1 bones level. Total elapsed playing time was 3 hours, 5 minutes and 39 seconds. Major events: Turn 1: spontiff the neutral male gnomish Healer entered the dungeon 794: entered the Gnomish Mines 4453: killed the Oracle 5847: entered Sokoban 8719: killed by life drainage Vanquished creatures: the Oracle a leprechaun a giant spider a dwarf mummy a snake an ape a human zombie 2 bugbears a wood nymph a water nymph an Uruk-hai 3 rock piercers a rock mole a pony 2 fog clouds a yellow light 4 shriekers a violet fungus 3 kobold mummies a paper golem 2 giant ants 4 dwarves a kobold leader 3 hill orcs 2 rothes a rabid rat a giant bat a monkey 4 orc zombies a dwarf zombie a werejackal 3 iguanas 6 acid blobs 5 coyotes 3 gas spores 5 hobbits 2 manes 2 large kobolds 5 hobgoblins 5 giant rats a cave spider 2 brown molds 2 yellow molds 5 green molds 3 red molds 4 gnomes a garter snake a gnome zombie 18 geckos 17 jackals 4 foxes 3 kobolds 2 goblins 6 sewer rats 16 grid bugs 4 bats 16 lichens 3 kobold zombies 14 newts 208 creatures vanquished. No species were genocided or became extinct. Voluntary challenges: You never hit with a wielded weapon. You were a pacifist. You read items or engraved 1 time. You never engraved Elbereth. You never genocided any monsters. You never polymorphed an object. You never changed form. You used no wishes. You did not violate any of the special Sokoban rules. Achievements: You entered the Gnomish Mines. You entered a shop. You entered Sokoban. The Dungeons of Doom: levels 1 to 13 Level 1: A fountain. Level 2: "magic trap" A fountain, a sink. Stairs down to The Gnomish Mines. Level 3: A fountain. Level 4: Level 5: A grave. Level 6: Many fountains. Oracle of Delphi. Level 7: A general store. Stairs up to Sokoban, level 6. Level 8: A throne, a fountain. Level 9: Level 10: A fountain. Level 11: Level 12: Some graves. Level 13: <- You were here. A grave. Summoned by Hippocrates. Final resting place for you, killed by life drainage. The Gnomish Mines: levels 3 to 5 Level 3: Level 4: "magic trap" Level 5: "Orctown Bones (double, one mine)" Final resting place for spontiff-Hea-Gno-Mal-Neu, killed by a hill orc called Aun-aiz of Thosogothu, RedArrow-Sam-Hum-Mal-Law, killed by an orcish arrow. Sokoban: Level 6: Unsolved. Game over: ---------- / \ / REST \ / IN \ / PEACE \ / \ | spontiff | | 4935 Au | | killed by life | | drainage | | | | | | 2023 | *| * * * | * _________)/\\_//(\/(/\)/\//\/|_)_______ Goodbye spontiff the Healer... You died in The Dungeons of Doom on dungeon level 13 with 3399 points, and 4935 pieces of gold, after 8719 moves. You were level 1 with a maximum of 44 hit points when you died.